[Event "8th Ali Ipek Tournament 2020"]
[Site "Ankara"]
[Date "2020.03.05"]
[Round "2.10"]
[White "Ozsac, Samet Harun"]
[Black "Aslan, Ali Efe"]
[Result "1/2-1/2"]
[ECO "A07"]
[WhiteElo "1884"]
[BlackElo "1394"]
[Annotator "NA RC"]
[PlyCount "114"]
[EventDate "2020.03.04"]
[EventType "swiss"]
[EventCountry "TUR"]
[SourceTitle "playchess.com"]
[Source "ChessBase"]
[SourceQuality "1"]
[TimeControl "5400+30"]

1. Nf3 d5 2. g3 Nf6 3. Bg2 c6 4. O-O g6 5. d3 Bg7 6. Nbd2 O-O 7. e4 Nbd7 8. c3 {[%emt 0:04:30] A07: Réti Opening: New York and Capablanca Systems.} e5 9. Qc2 Re8 10. Re1 Nc5 {[%emt 0:02:30] [#]} 11. exd5 $146 ({Predecessor:} 11. a3 dxe4 12. dxe4 Qd3 13. Qxd3 Nxd3 14. Re3 Nxc1 15. Rxc1 Rd8 16. Nc4 Ng4 17. Ree1 {½-½ (28) Arnetta,M-Perrone,G Italy 1996}) 11... Nxd5 12. Ne4 Ne6 13. a4 f5 14. Ned2 Nc5 15. Nc4 e4 16. dxe4 Nxe4 17. Ne3 (17. Ng5 $16) 17... Be6 18. Nxd5 Bxd5 19. Be3 Qc7 20. Bd4 Qf7 21. Bxg7 Kxg7 22. b4 Bb3 23. Qb2 Bc4 24. Rad1 Rad8 25. Rxd8 Rxd8 26. Nd4 Re8 27. f3 Nc5 28. Rxe8 (28. Ra1 $11 Nb3 29. Nxb3 Bxb3 30. a5) 28... Qxe8 29. Qd2 Nxa4 30. Kf2 c5 (30... Nb6 $17) 31. bxc5 $1 Nxc5 32. Nxf5+ $1 gxf5 33. Qd4+ Kg6 34. Qxc4 Qe5 35. h4 h5 36. Qg8+ Qg7 37. Qe8+ Qf7 38. Qe3 Qa2+ $1 39. Kg1 Ne6 40. Bf1 Qd5 41. Kg2 a5 42. c4 Qc6 43. Bd3 a4 44. Qe5 Ng7 45. Qf4 Qf6 46. g4 a3 47. gxf5+ Nxf5 48. Bxf5+ Qxf5 49. Qd6+ Kf7 50. Qxa3 Qc2+ 51. Kg3 Qxc4 52. f4 Qe6 53. Qf3 Qg6+ 54. Kh2 Qc2+ 55. Kg1 Qc1+ 56. Kf2 Qc2+ 57. Kg3 $11 Qg6+ 1/2-1/2

[Event "8th Ali Ipek Tournament 2020"]
[Site "Ankara"]
[Date "2020.03.05"]
[Round "2.11"]
[White "Hotman, Cagan Arhan"]
[Black "Ozates, Mert"]
[Result "1/2-1/2"]
[ECO "C04"]
[WhiteElo "1358"]
[BlackElo "1810"]
[Annotator "NA RC"]
[PlyCount "168"]
[EventDate "2020.03.04"]
[EventType "swiss"]
[EventCountry "TUR"]
[SourceTitle "playchess.com"]
[Source "ChessBase"]
[SourceQuality "1"]
[TimeControl "5400+30"]

1. e4 e6 2. d4 d5 3. Nd2 Nc6 4. c3 e5 5. Ngf3 exd4 6. Nxd4 {[%emt 0:05:30] C04: French Tarrasch: 3...Nc6.} Nxd4 7. cxd4 dxe4 8. Nxe4 Bb4+ 9. Nc3 Ne7 10. Bc4 {[%emt 0:04:30] [#]} Nc6 $146 ({Predecessor:} 10... O-O 11. O-O Nf5 12. a3 Ba5 13. b4 Bb6 14. d5 Nd6 15. Bd3 Bf5 16. Bb2 Qh4 17. Na4 Bd4 18. Bxf5 Bxb2 19. Bxh7+ Qxh7 20. Nxb2 {1-0 (20) Paez,G-Maldonado Barrera,L Cartagena 2007}) 11. Be3 O-O 12. O-O Bf5 13. Qb3 Bxc3 14. Qxc3 Qf6 15. Rad1 Rad8 16. Rfe1 Qg6 {[%emt 0:07:30] [#]} (16... Rfe8 $11 {and Black has nothing to worry.}) 17. d5 $1 Be4 {[%emt 0:21:41] [#]} (17... Nb8 $16 18. Bxa7 Nd7) 18. Bg5 $2 (18. f3 $1 $18 Bxf3 19. Rd2) 18... Qxg5 (18... Bxd5 $14 19. h4 (19. Rxd5 Rxd5 20. Bxd5 Qxg5 $11) (19. Bxd5 Qxg5 20. Bxc6 bxc6 $14) 19... Be4) 19. Rxe4 Nb8 20. Red4 Qe5 21. Qd2 Nd7 22. d6 c6 23. Bb3 Rfe8 $1 24. h3 Qe2 $2 {[%emt 0:01:14] [#]} (24... Nf6 $11 {and Black is okay.}) 25. Qf4 (25. Qa5 $1 $18) 25... Nf6 (25... Qh5 $16 {keeps fighting.}) 26. d7 Rf8 27. R4d2 Qe4 28. Qc7 Qb4 29. Rd4 Qb6 30. Qe5 Nd5 31. Bxd5 cxd5 32. Rxd5 Qe6 33. Qc7 Qa6 34. Re5 Qa4 35. b3 Qc6 36. Rc5 Qe6 37. Qxb7 Qe2 38. Rdc1 Qxa2 $2 (38... Qd2 39. Qxa7 Rxd7) 39. Rc8 Qd2 40. R8c7 a5 41. Qc6 g6 42. Qb5 Qb4 $2 (42... f6 $16 43. b4 axb4) 43. Qc4 Qd6 44. Qa4 Qb4 45. Qa2 $2 (45. Qxb4 $18 {and White stays clearly on top.} axb4 46. Re1) 45... Qb5 $2 (45... Qd6 $16 {might work better.}) 46. Qd2 Qxb3 47. Rc8 $2 (47. Qxa5 $18 Qd3 48. Qa4) 47... Qe6 48. Rxd8 Rxd8 49. Rc8 Rxc8 50. d8=Q+ Rxd8 51. Qxd8+ Kg7 52. Qxa5 Qe4 53. Qa1+ Kg8 54. Qc1 Qe5 55. Qc8+ Kg7 56. Qc2 h5 57. Qd2 Kf6 58. Qd8+ Kg7 59. Qd2 Qf6 60. Qc2 Qd4 61. Qe2 Qa1+ 62. Kh2 Qd4 63. Kg1 Kf6 64. Qf3+ Ke6 65. Qc6+ Qd6 66. Qe8+ Kf6 67. Qh8+ Ke7 68. Qa1 Ke6 69. Qa2+ Qd5 70. Qe2+ Kf6 71. Qb2+ Qe5 72. Qb6+ Kg7 73. Qb4 Qf5 74. Qd4+ Qf6 75. Qd2 Qe5 76. Qb4 Qe6 77. Qd4+ Kg8 78. Qd8+ Kh7 79. Qd2 Qe5 80. Qb4 Kg8 81. Qd2 Kg7 82. Qb4 Qa1+ 83. Kh2 Qa2 84. Qd4+ $11 Kg8 1/2-1/2

[Event "8th Ali Ipek Tournament 2020"]
[Site "Ankara"]
[Date "2020.03.05"]
[Round "2.12"]
[White "Demirci, Murat"]
[Black "Ceneli, Mehmet Canay"]
[Result "1-0"]
[ECO "A47"]
[WhiteElo "1821"]
[BlackElo "1431"]
[Annotator "NA RC"]
[PlyCount "77"]
[EventDate "2020.03.04"]
[EventType "swiss"]
[EventCountry "TUR"]
[SourceTitle "playchess.com"]
[Source "ChessBase"]
[SourceQuality "1"]
[TimeControl "5400+30"]

1. Nf3 Nf6 2. d4 e6 3. g3 b6 4. Bg2 Bb7 5. O-O c5 6. dxc5 Bxc5 {[%emt 0:00:30] A47: 1 d4 Nf6 2 Nf3 b6: Torre, London and Colle Systems.} 7. b3 O-O 8. Bb2 d5 9. Nbd2 Nbd7 10. c4 {[%emt 0:01:30] [#]} dxc4 $146 ({Predecessor:} 10... Rc8 11. Rc1 Re8 12. Ne5 Nxe5 13. Bxe5 Ba6 14. cxd5 exd5 15. Nf3 Ng4 16. Bd4 Bxe2 17. Qd2 Bxf1 18. Kxf1 Bxd4 {0-1 (18) Bacsi,A (1798)-Alkire,B (1459) Budapest 2014}) 11. Nxc4 Qe7 12. a3 a5 13. a4 Rfd8 14. Qc1 Rac8 15. Qg5 Nf8 16. Nfe5 Bxg2 17. Kxg2 Ng6 18. h4 Nd5 ({Black should try} 18... h6 $11 19. Qc1 Nxe5 20. Bxe5 Ne8) 19. Qg4 (19. Nxg6 $14 hxg6 20. Qxe7 Bxe7 21. Rfd1) 19... Nxe5 20. Bxe5 f6 21. Bb2 Qf7 22. h5 Be7 (22... h6 $11 {remains equal.}) 23. Rfd1 f5 24. Qf3 Bf6 25. Ne5 Qb7 26. Rac1 b5 27. axb5 Qxb5 28. h6 g6 (28... a4 $15) 29. Nc4 Bxb2 30. Nxb2 Rb8 {[%emt 0:03:04] [#]} (30... Rxc1 $11 {remains equal.} 31. Rxc1 e5) 31. e4 $1 fxe4 32. Qxe4 Re8 33. Qe5 Qb7 34. Kg1 Qf7 35. Nc4 Rf8 36. Rc2 Rxb3 $2 (36... Qf6 $14) 37. Nd6 Qf6 {[%emt 0:00:47] [#]} 38. Rxd5 $1 Rb1+ $18 39. Kh2 1-0

[Event "8th Ali Ipek Tournament 2020"]
[Site "Ankara"]
[Date "2020.03.05"]
[Round "2.13"]
[White "Sari, Engin"]
[Black "Alkan, Omer Tarik"]
[Result "0-1"]
[ECO "C14"]
[WhiteElo "1457"]
[BlackElo "1757"]
[Annotator "NA RC"]
[PlyCount "80"]
[EventDate "2020.03.04"]
[EventType "swiss"]
[EventCountry "TUR"]
[SourceTitle "playchess.com"]
[Source "ChessBase"]
[SourceQuality "1"]
[TimeControl "5400+30"]

1. e4 e6 2. d4 d5 3. Nc3 Nf6 4. Bg5 Be7 5. e5 Nfd7 6. h4 h6 7. Bxe7 Qxe7 8. Qg4 g6 9. Bd3 a6 10. O-O-O c5 11. f4 cxd4 12. Nce2 Nc6 13. a3 b5 14. h5 g5 15. Nf3 gxf4 16. Qg7 Qf8 17. Qg4 Ndxe5 18. Qxf4 Nxf3 19. Qxf3 Qe7 20. Rhe1 Bb7 21. Nf4 O-O-O 22. g4 Kb8 23. Kb1 Qd6 24. Bf1 e5 25. Ng2 e4 26. Qxf7 Rdf8 27. Qg6 Qxg6 28. hxg6 Rhg8 29. Nh4 Ne5 30. Nf5 Rxg6 31. Nxd4 Nf3 32. Nxf3 Rxf3 33. c3 Rg3 34. Be2 Rg2 35. Rd4 Rf6 36. Kc1 Rff2 37. Kd2 Kc7 38. Ke3 Kd6 39. Rd2 Bc8 40. Red1 Rxe2+ 0-1

[Event "8th Ali Ipek Tournament 2020"]
[Site "Ankara"]
[Date "2020.03.05"]
[Round "2.14"]
[White "Ercan, Mehmet Fahri"]
[Black "Kamisli, Yigit"]
[Result "0-1"]
[ECO "E85"]
[WhiteElo "1810"]
[BlackElo "1393"]
[Annotator "NA RC"]
[PlyCount "82"]
[EventDate "2020.03.04"]
[EventType "swiss"]
[EventCountry "TUR"]
[SourceTitle "playchess.com"]
[Source "ChessBase"]
[SourceQuality "1"]
[TimeControl "5400+30"]

1. c4 Nf6 2. Nc3 g6 3. e4 d6 4. d4 Bg7 5. f3 O-O 6. Be3 e5 7. Nge2 Nc6 8. d5 Na5 9. Nc1 {[%emt 0:02:00] E85: King's Indian: Sämisch: 6...e5.} c5 10. a3 b6 11. Qd2 {[%emt 0:01:30] [#]} Nb7 $146 ({Predecessor:} 11... Nh5 12. b4 Nb7 13. Nb3 f5 14. Bd3 Qh4+ 15. Bf2 Qe7 16. O-O f4 17. Rfb1 g5 {1-0 (65) Novikov,I (2280)-Petrushin,A (2415) Volgodonsk 1983}) 12. g4 Bd7 13. h4 h5 $1 14. gxh5 Nxh5 15. N1e2 Na5 16. Qd3 Nb3 17. Rd1 Nd4 18. Bg2 a6 19. a4 b5 20. axb5 axb5 21. Nxb5 Nxe2 22. Kxe2 Ng3+ 23. Kf2 Nxh1+ 24. Rxh1 {[%emt 0:00:00] [#]} Bxb5 (24... f5 $1 $19 25. Bc1 Qb6 26. exf5 gxf5) 25. cxb5 {[%emt 0:00:00] [#]} Bf6 $1 26. h5 Bg5 27. hxg6 fxg6 28. Bh3 Ra2 29. Be6+ Kg7 30. Qe2 Bxe3+ 31. Kxe3 Qg5+ 32. Kf2 Rh8 33. Rxh8 Kxh8 34. Qc2 {[%emt 0:02:30] [#]} Qf4 $1 35. Bh3 Ra1 (35... Qh2+ $142 36. Bg2 Ra1) 36. Bf1 Qh2+ 37. Bg2 Qh4+ 38. Ke3 Qe1+ 39. Qe2 Qg1+ 40. Kd2 Qc1+ 41. Kd3 c4# 0-1

[Event "8th Ali Ipek Tournament 2020"]
[Site "Ankara"]
[Date "2020.03.05"]
[Round "2.15"]
[White "Sac, Hakan"]
[Black "Ersahince, Umut Utku"]
[Result "0-1"]
[ECO "C45"]
[WhiteElo "1542"]
[BlackElo "1645"]
[Annotator "NA RC"]
[PlyCount "58"]
[EventDate "2020.03.04"]
[EventType "swiss"]
[EventCountry "TUR"]
[SourceTitle "playchess.com"]
[Source "ChessBase"]
[SourceQuality "1"]
[TimeControl "5400+30"]

1. e4 e5 2. Nf3 Nc6 3. d4 exd4 4. Nxd4 Nf6 5. Nxc6 bxc6 6. e5 Qe7 7. Qe2 Nd5 8. c4 Ba6 9. Qe4 Nb6 10. Bd3 d5 11. exd6 cxd6 12. b3 d5 13. Qxe7+ Bxe7 14. Nd2 O-O-O 15. Bb2 Bb4 16. O-O-O f6 17. Bf5+ Kb7 18. cxd5 Rxd5 19. Bg4 Bd3 20. a3 Bd6 21. b4 a5 22. Bf3 Rc8 23. g3 axb4 24. Nb3 Bg6 25. axb4 Bxb4 26. Bd4 Nc4 27. Rde1 Ba3+ 28. Kd1 Rb5 29. Re7+ Bxe7 0-1

[Event "8th Ali Ipek Tournament 2020"]
[Site "Ankara"]
[Date "2020.03.05"]
[Round "2.17"]
[White "Ugur, Cem"]
[Black "Kesgin, Murat Can"]
[Result "0-1"]
[ECO "B30"]
[WhiteElo "1672"]
[BlackElo "1551"]
[Annotator "NA RC"]
[PlyCount "88"]
[EventDate "2020.03.04"]
[EventType "swiss"]
[EventCountry "TUR"]
[SourceTitle "playchess.com"]
[Source "ChessBase"]
[SourceQuality "1"]
[TimeControl "5400+30"]

1. e4 c5 2. Nf3 Nc6 3. d3 Nf6 4. g3 e5 5. Bg2 Be7 6. O-O O-O 7. Re1 d6 8. c3 Bg4 9. Nbd2 Qd7 10. Nf1 Bh3 11. Ne3 Bxg2 12. Kxg2 d5 13. exd5 Nxd5 14. Nc4 f6 15. d4 b5 16. Ne3 cxd4 17. cxd4 Nxe3+ 18. Bxe3 e4 19. Nd2 Qd5 20. Qb3 Qxb3 21. Nxb3 Nb4 22. Re2 f5 23. a3 Nd5 24. Nc5 Rf7 25. Ne6 h6 26. Nf4 Nxf4+ 27. Bxf4 g5 28. Be5 Bf6 29. Bxf6 Rxf6 30. Rc1 Rd6 31. Rc5 Rf8 32. Rxb5 Rxd4 33. f3 exf3+ 34. Kxf3 f4 35. Re6 g4+ 36. Kxg4 f3+ 37. Kh5 Rd7 38. Re1 f2 39. Rf1 Re7 40. Kxh6 Re1 41. Rb7 Rf6+ 42. Kg5 Rxf1 43. Kxf6 Rc1 44. Kg6 Rc6+ 0-1

[Event "8th Ali Ipek Tournament 2020"]
[Site "Ankara"]
[Date "2020.03.05"]
[Round "2.19"]
[White "Ilarslan, Can"]
[Black "Bilen, Tuna"]
[Result "1-0"]
[ECO "C79"]
[WhiteElo "1630"]
[BlackElo "1367"]
[Annotator "NA RC"]
[PlyCount "39"]
[EventDate "2020.03.04"]
[EventType "swiss"]
[EventCountry "TUR"]
[SourceTitle "playchess.com"]
[Source "ChessBase"]
[SourceQuality "1"]
[TimeControl "5400+30"]

1. e4 e5 2. Nf3 Nc6 3. Bb5 a6 4. Ba4 d6 5. c3 Bd7 6. O-O Nf6 7. Re1 g6 8. d4 exd4 9. Bxc6 Bxc6 10. e5 dxe5 11. Nxe5 Be7 12. Nxc6 bxc6 13. Bh6 dxc3 14. Qe2 Rg8 15. Nxc3 Qd6 16. Rad1 Qe6 17. Qf3 Qc4 18. Qxf6 Qc5 19. b4 Qxb4 20. Qxc6# 1-0

[Event "8th Ali Ipek Tournament 2020"]
[Site "Ankara"]
[Date "2020.03.05"]
[Round "2.20"]
[White "Uzun, Anil"]
[Black "Firat, Mehmet Bugra"]
[Result "0-1"]
[ECO "A30"]
[WhiteElo "1360"]
[BlackElo "1601"]
[Annotator "NA RC"]
[PlyCount "88"]
[EventDate "2020.03.04"]
[EventType "swiss"]
[EventCountry "TUR"]
[SourceTitle "playchess.com"]
[Source "ChessBase"]
[SourceQuality "1"]
[TimeControl "5400+30"]

1. Nf3 Nf6 2. c4 e6 3. b3 b6 4. Bb2 Bb7 5. e3 Be7 6. Be2 O-O 7. O-O c5 8. d4 d6 9. Nc3 Nbd7 10. Qc2 Rc8 11. Rfd1 Qc7 12. Rac1 Qb8 13. Nd2 cxd4 14. exd4 d5 15. Bf3 dxc4 16. Bxb7 cxb3 17. Qxb3 Qxb7 18. Nb5 a6 19. Ba3 Bxa3 20. Nxa3 Nd5 21. f3 N7f6 22. Nac4 Rb8 23. g3 b5 24. Ne5 b4 25. Nb1 Rfc8 26. Rc4 Rxc4 27. Nxc4 Qa7 28. Kg2 Rc8 29. Rd3 a5 30. Nbd2 Qa6 31. Nb2 h5 32. Na4 Rc3 33. Nxc3 Qxd3 34. Ncb1 Qxd4 35. Qa4 Nc3 36. Nb3 Qd3 37. Nxc3 bxc3 38. Qxa5 Qe2+ 39. Kh3 Qf1+ 40. Kh4 Qxf3 41. Kh3 Ne4 42. Qb4 Nf2+ 43. Kh4 Qf6+ 44. Kxh5 Qh6# 0-1

[Event "8th Ali Ipek Tournament 2020"]
[Site "Ankara"]
[Date "2020.03.06"]
[Round "3.3"]
[White "Vural, Burak"]
[Black "Pektas, Yigit"]
[Result "0-1"]
[ECO "B10"]
[WhiteElo "1604"]
[BlackElo "2161"]
[Annotator "ChessBase"]
[PlyCount "54"]
[EventDate "2020.03.04"]
[EventType "swiss"]
[EventCountry "TUR"]
[SourceTitle "playchess.com"]
[Source "ChessBase"]
[SourceQuality "1"]
[TimeControl "5400+30"]

1. e4 c6 2. c4 d5 3. exd5 cxd5 4. cxd5 Nf6 5. Qa4+ Nbd7 6. Nc3 g6 7. Bc4 Bg7 8. d3 O-O 9. Nf3 a6 10. O-O b5 11. Qc2 bxc4 12. dxc4 Bb7 13. Re1 Re8 14. Be3 Rc8 15. Qe2 Qc7 16. b3 e6 17. dxe6 Rxe6 18. Nd4 Re7 19. f3 Ng4 20. fxg4 Bxd4 21. Qd3 Bxc3 22. Qxc3 Qc6 23. Qb2 Rce8 24. Qf2 Rxe3 25. Rxe3 Rxe3 26. Rf1 f6 27. Rd1 Qe4 0-1

[Event "8th Ali Ipek Tournament 2020"]
[Site "Ankara"]
[Date "2020.03.07"]
[Round "3.5"]
[White "Oktem, Ege Tuna"]
[Black "Akin, Yagiz Cinar"]
[Result "1/2-1/2"]
[ECO "B22"]
[WhiteElo "1546"]
[BlackElo "1861"]
[Annotator "NA RC"]
[PlyCount "89"]
[EventDate "2020.03.04"]
[EventType "swiss"]
[EventCountry "TUR"]
[TimeControl "5400+30"]

1. e4 c5 2. c3 d5 3. exd5 Qxd5 4. d4 Nc6 5. Nf3 e5 6. Be2 e4 7. Ne5 Nxe5 8. dxe5 Qxd1+ 9. Bxd1 Bd7 10. O-O O-O-O 11. Nd2 f5 12. f4 Bb5 13. c4 Bc6 14. Nb3 b6 15. a4 Nh6 16. h3 Be7 17. Be2 Nf7 18. a5 Kb7 19. Be3 Rhg8 20. axb6 axb6 21. Kh2 Rdf8 22. g4 g6 23. gxf5 gxf5 24. Rg1 Nd8 25. Rxg8 Rxg8 26. Rg1 Rxg1 27. Kxg1 Ne6 28. Nd2 Nd4 29. Bd1 b5 30. Nb3 Nxb3 31. Bxb3 b4 32. Bc2 Be8 33. Bd1 Bf7 34. b3 Kc6 35. Kf1 Kd7 36. Ke1 Ke8 37. Kd2 Kf8 38. Bf2 Kg7 39. Ke3 Kh6 40. Be2 Be6 41. Bg3 Bf7 42. Bf2 Bg6 43. Bg3 Kg7 44. Bf2 Kf8 45. Bg3 1/2-1/2

[Event "8th Ali Ipek Tournament 2020"]
[Site "Ankara"]
[Date "2020.03.06"]
[Round "3.6"]
[White "Ibik, Halit Zavuz"]
[Black "Ilarslan, Can"]
[Result "1-0"]
[ECO "C89"]
[WhiteElo "1991"]
[BlackElo "1630"]
[Annotator "ChessBase"]
[PlyCount "56"]
[EventDate "2020.03.04"]
[EventType "swiss"]
[EventCountry "TUR"]
[SourceTitle "playchess.com"]
[Source "ChessBase"]
[SourceQuality "1"]
[TimeControl "5400+30"]

1. e4 e5 2. Nf3 Nc6 3. Bb5 a6 4. Ba4 Nf6 5. O-O Be7 6. Re1 b5 7. Bb3 O-O 8. c3 d5 9. exd5 Nxd5 10. Nxe5 Nxe5 11. Rxe5 c6 12. d3 Bd6 13. Re1 Qh4 14. g3 Qh3 15. Re4 Nf6 16. Rh4 Qf5 17. Bc2 h5 18. d4 Qd5 19. c4 Qe6 20. Nc3 g6 21. Bg5 Nh7 22. d5 cxd5 23. cxd5 Qd7 24. Rxh5 gxh5 25. Bxh7+ Kxh7 26. Qxh5+ Kg8 27. Bf6 Qh3 28. Qg5+ Kh7 1-0

[Event "8th Ali Ipek Tournament 2020"]
[Site "Ankara"]
[Date "2020.03.06"]
[Round "3.6"]
[White "Ibik, Halit Yavuz"]
[Black "Ilarslan, Can"]
[Result "1-0"]
[ECO "C89"]
[WhiteElo "1991"]
[BlackElo "1630"]
[Annotator "RC"]
[PlyCount "47"]
[EventDate "2020.03.04"]
[EventType "swiss"]
[EventCountry "TUR"]
[SourceTitle "playchess.com"]
[Source "ChessBase"]
[SourceQuality "1"]
[TimeControl "5400+30"]

1. e4 e5 2. Nf3 Nc6 3. Bb5 a6 4. Ba4 Nf6 5. O-O Be7 6. Re1 b5 7. Bb3 O-O 8. c3 d5 9. exd5 Nxd5 10. Nxe5 Nxe5 11. Rxe5 c6 12. d3 Bd6 13. Re1 Qh4 14. g3 Qh3 15. Re4 Nf6 16. Rh4 Qf5 17. Bc2 h5 18. d4 Qd5 19. c4 Qe6 20. Nc3 g6 21. Bg5 Nh7 22. d5 cxd5 23. cxd5 Qd7 24. Qxh5 1-0

[Event "8th Ali Ipek Tournament 2020"]
[Site "Ankara"]
[Date "2020.03.06"]
[Round "3.7"]
[White "Kolsuz, Umut"]
[Black "Ozalp, Burak"]
[Result "0-1"]
[ECO "B38"]
[WhiteElo "1551"]
[BlackElo "1967"]
[Annotator "ChessBase"]
[PlyCount "46"]
[EventDate "2020.03.04"]
[EventType "swiss"]
[EventCountry "TUR"]
[SourceTitle "playchess.com"]
[Source "ChessBase"]
[SourceQuality "1"]
[TimeControl "5400+30"]

1. e4 c5 2. Nf3 Nc6 3. d4 cxd4 4. Nxd4 g6 5. Be3 Bg7 6. c4 Nf6 7. Nc3 d6 8. Be2 O-O 9. O-O Bd7 10. Rc1 Nxd4 11. Bxd4 Bc6 12. Bf3 Qa5 13. Qb3 Nxe4 14. Bxg7 Nd2 15. Bxf8 Nxf3+ 16. Kh1 Nd2 17. Kg1 Nf3+ 18. Kh1 Qe5 19. g3 Qh5 20. h4 Qg4 21. Kg2 Nxh4+ 22. Kh2 Nf3+ 23. Kg2 Ne1+ 0-1

[Event "8th Ali Ipek Tournament 2020"]
[Site "Ankara"]
[Date "2020.03.06"]
[Round "3.8"]
[White "Kamisli, Yigit"]
[Black "Alkan, Ferman"]
[Result "0-1"]
[ECO "E65"]
[WhiteElo "1393"]
[BlackElo "1858"]
[Annotator "NA"]
[PlyCount "56"]
[EventDate "2020.03.04"]
[EventType "swiss"]
[EventCountry "TUR"]
[SourceTitle "playchess.com"]
[Source "ChessBase"]
[SourceQuality "1"]
[TimeControl "5400+30"]

1. d4 Nf6 2. Nf3 g6 3. c4 c5 4. g3 Bg7 5. Bg2 O-O 6. O-O d6 7. Nc3 Nc6 8. h3 cxd4 9. Nxd4 Bd7 {[%emt 0:00:30] E65: King's Indian: Fianchetto: 6...c5 7 0-0 without d5 by White.} 10. Re1 Qc8 11. Kh2 Nxd4 {[%emt 0:00:30] [#]} 12. Be3 $146 ({Predecessor:} 12. e3 Nc6 13. e4 Ne5 14. b3 a6 15. Rb1 b5 16. f4 Neg4+ 17. hxg4 Nxg4+ 18. Kg1 Qxc4 19. Be3 Nxe3 {0-1 (19) Krska,V (1733)-Somer,J (1810) Czechia 2006}) 12... Nc6 13. Rc1 Qd8 14. b3 Rc8 15. Qd2 a6 16. Na4 Qa5 17. Qd1 $2 (17. Qxa5 Nxa5 18. Nb6) 17... Qh5 18. f3 Ne5 19. Bf4 Bxa4 20. g4 Qh4 21. bxa4 Nexg4+ 22. fxg4 Nxg4+ 23. Kg1 Qf2+ 24. Kh1 Qxf4 25. hxg4 Be5 26. Kg1 Bd4+ 27. e3 Bxe3+ 28. Rxe3 Qxe3+ $19 0-1

[Event "8th Ali Ipek Tournament 2020"]
[Site "Ankara"]
[Date "2020.03.06"]
[Round "3.9"]
[White "Caberoglu, Arda"]
[Black "Aydin, Aytac"]
[Result "1/2-1/2"]
[ECO "E57"]
[WhiteElo "1784"]
[BlackElo "1652"]
[Annotator "NA"]
[PlyCount "143"]
[EventDate "2020.03.04"]
[EventType "swiss"]
[EventCountry "TUR"]
[SourceTitle "playchess.com"]
[Source "ChessBase"]
[SourceQuality "1"]
[TimeControl "5400+30"]

1. d4 d5 2. Nf3 c5 3. c4 dxc4 4. e3 Nf6 5. Bxc4 e6 6. O-O Nc6 7. Nc3 cxd4 8. exd4 Be7 9. a3 O-O 10. b4 b6 11. Be3 Bb7 12. Qb3 Rc8 13. Rfd1 Qc7 14. Nb5 Qb8 15. Rac1 a6 16. Nc3 b5 17. Bd3 Rfd8 18. h3 h6 19. Qb1 Bd6 20. Ne4 Nxe4 21. Bxe4 Ne7 22. Ne5 Qa8 23. Rxc8 Rxc8 24. Bh7+ Kf8 25. Nd7+ Ke8 26. Nb6 Qb8 27. Nxc8 Qxc8 28. Be4 f5 29. Rc1 Qa8 30. Bxb7 Qxb7 31. Qc2 Kd7 32. Qe2 f4 33. Bd2 Qd5 34. Re1 Nf5 35. Qe4 Nxd4 36. Bxf4 Bxf4 37. Qxf4 Ne2+ 38. Rxe2 Qd1+ 39. Kh2 Qxe2 40. Qd4+ Kc6 41. Qxg7 Qxf2 42. Qxh6 Kd5 43. Qh5+ Kd6 44. Qf3 Qb2 45. Qe3 Kd5 46. h4 Qh8 47. Qd3+ Kc6 48. Qf3+ Kd6 49. h5 e5 50. Qd3+ Ke6 51. Qg6+ Kd5 52. h6 e4 53. Qf7+ Kc6 54. Qe6+ Kc7 55. Qe7+ Kb6 56. Qc5+ Kb7 57. Qd5+ Kb6 58. Qd6+ Kb7 59. Qe7+ Kb6 60. h7 Qb8+ 61. Kg1 Qh8 62. Qxe4 Kc7 63. Qe7+ Kb8 64. Qd6+ Ka7 65. Qc5+ Kb7 66. Qd5+ Kb6 67. Qg8 Qd4+ 68. Kf1 Qf4+ 69. Ke2 Qe4+ 70. Kf1 Qf4+ 71. Kg1 Qd4+ 72. Kf1 1/2-1/2

[Event "8th Ali Ipek Tournament 2020"]
[Site "Ankara"]
[Date "2020.03.07"]
[Round "3.10"]
[White "Kesgin, Murat Can"]
[Black "Demirci, Murat"]
[Result "0-1"]
[ECO "D77"]
[WhiteElo "1551"]
[BlackElo "1821"]
[Annotator "NA RC"]
[PlyCount "96"]
[EventDate "2020.03.04"]
[EventType "swiss"]
[EventCountry "TUR"]
[TimeControl "5400+30"]

1. d4 Nf6 2. c4 g6 3. Nc3 Bg7 4. Nf3 O-O 5. g3 d5 6. Bg2 dxc4 7. O-O c5 8. dxc5 Qa5 9. Be3 Ng4 10. Qc1 Na6 11. Nd5 e6 12. Ne7+ Kh8 13. c6 b5 14. Bg5 Qb4 15. Nxc8 Raxc8 16. Qf4 f5 17. a3 Qc5 18. h3 Nf6 19. Bh6 Qxc6 20. Bxg7+ Kxg7 21. Nd4 Qe8 22. Qe5 Nc5 23. Bf3 Kf7 24. Rfd1 a6 25. Rac1 Nfd7 26. Qd6 Qe7 27. Nc6 Qxd6 28. Rxd6 Rc7 29. Rcd1 Kf6 30. h4 Ne5 31. Nxe5 Kxe5 32. Kf1 Rff7 33. Bc6 Nd3 34. Be8 Rfe7 35. exd3 Kxd6 36. dxc4+ Kc5 37. Rd8 Kxc4 38. Ke2 Kb3 39. Ra8 Kxb2 40. Kf3 e5 41. Ke3 Rc3+ 42. Ke2 Rxa3 43. Bc6 Rc7 44. Bd5 a5 45. Rb8 b4 46. Rb5 Kc3 47. Bg8 e4 48. Rd5 b3 0-1

[Event "8th Ali Ipek Tournament 2020"]
[Site "Ankara"]
[Date "2020.03.07"]
[Round "3.11"]
[White "Alkan, Omer Tarik"]
[Black "Aral, Demir"]
[Result "1-0"]
[ECO "C54"]
[WhiteElo "1757"]
[BlackElo "1554"]
[Annotator "NA RC"]
[PlyCount "57"]
[EventDate "2020.03.04"]
[EventType "swiss"]
[EventCountry "TUR"]
[TimeControl "5400+30"]

1. e4 e5 2. Nf3 Nc6 3. d4 exd4 4. Bc4 Bc5 5. c3 Nf6 6. e5 d5 7. Bb5 Ne4 8. cxd4 Bb6 9. O-O O-O 10. Nc3 Bg4 11. Bxc6 bxc6 12. a4 Ba5 13. h3 Nxc3 14. bxc3 Bxc3 15. hxg4 Bxa1 16. Ba3 Bc3 17. Qc2 Ba5 18. Bxf8 Qxf8 19. Qxc6 Rc8 20. Qxd5 c5 21. e6 Bb6 22. Ng5 cxd4 23. exf7+ Kh8 24. Nxh7 Qc5 25. Qe4 Bc7 26. g5 Qd6 27. g3 Rd8 28. Qh4 g6 29. Qh6 1-0

[Event "8th Ali Ipek Tournament 2020"]
[Site "Ankara"]
[Date "2020.03.07"]
[Round "3.12"]
[White "Ersahince, Umut Utku"]
[Black "Gokdogan, Alperen"]
[Result "1-0"]
[ECO "C47"]
[WhiteElo "1645"]
[BlackElo "1305"]
[Annotator "NA RC"]
[PlyCount "73"]
[EventDate "2020.03.04"]
[EventType "swiss"]
[EventCountry "TUR"]
[TimeControl "5400+30"]

1. e4 e5 2. Nf3 Nc6 3. Nc3 Nf6 4. h3 d5 5. exd5 Nxd5 6. Bb5 Nxc3 7. bxc3 Bd7 8. O-O Bd6 9. d4 e4 10. Ng5 f5 11. Bc4 Qf6 12. Bf7+ Kf8 13. Bd5 h6 14. Nf7 Rh7 15. f3 exf3 16. Qxf3 g5 17. Nxd6 cxd6 18. Rb1 Nd8 19. Bxb7 Rb8 20. Ba3 Ba4 21. Be4 Rxb1 22. Rxb1 Rf7 23. Rf1 Bb5 24. Bd3 Bc6 25. d5 Bd7 26. Bb4 Nb7 27. Rb1 a5 28. Ba3 Qxc3 29. Bb2 Qc5+ 30. Kh2 g4 31. Qf4 Ke8 32. Qxh6 Qxd5 33. Qh8+ Rf8 34. Re1+ Be6 35. Qh6 Nc5 36. Bb5+ Ke7 37. Qg5+ 1-0

[Event "8th Ali Ipek Tournament 2020"]
[Site "Ankara"]
[Date "2020.03.07"]
[Round "3.14"]
[White "Banci, Dogancan"]
[Black "Ozsac, Samet Harun"]
[Result "1-0"]
[ECO "B90"]
[WhiteElo "1634"]
[BlackElo "1844"]
[Annotator "NA RC"]
[PlyCount "83"]
[EventDate "2020.03.04"]
[EventType "swiss"]
[EventCountry "TUR"]
[TimeControl "5400+30"]

1. e4 c5 2. Nc3 a6 3. a4 d6 4. Nf3 g6 5. d4 cxd4 6. Nxd4 Bg7 7. Be3 Nf6 8. Be2 O-O 9. O-O Bd7 10. Kh1 Nc6 11. f4 Nxd4 12. Bxd4 Bc6 13. Bf3 Rc8 14. a5 Nd7 15. Bxg7 Kxg7 16. Ne2 Nc5 17. b4 Ne6 18. Qd2 Kg8 19. f5 Ng7 20. Nd4 Bd7 21. Bg4 Ne8 22. Qh6 Nf6 23. fxg6 hxg6 24. Bxd7 Qxd7 25. Nf5 Nh5 26. g4 Qe6 27. Rae1 gxf5 28. Qxh5 Qg6 29. exf5 Qxh5 30. gxh5 Rfe8 31. Rf2 Kh7 32. Re3 Rc4 33. f6 e5 34. Rg2 Rxb4 35. Rg7+ Kh6 36. Rxf7 Rg8 37. Rg3 Rg5 38. Rf8 Rxg3 39. hxg3 Kxh5 40. Rg8 Rb1+ 41. Kg2 Rb2 42. f7 1-0